Islander vs Penguins
Created - October 22, 2024 at 20:15
Goals
|
| Islander |
2 |
3 |
2 |
7 |
| Penguins |
1 |
2 |
1 |
4 |
|
Shots
|
| Islander |
10 |
16 |
7 |
33 |
| Penguins |
19 |
15 |
3 |
37 |
|
1st period
1. Islander , Ross Colton 2 (Rhett Gardner 2, Slater Koekkoek 1) at 13:36
2. Penguins , Eetu Luostarinen 2 (Alexander Romanov 1, Marc Del Gaizo 1) at 15:52
3. Islander , Tyrell Goulbourne 1 (Rhett Gardner 3) at 17:40
Penalties :
Ben Thomson (BRI) for Slashing (Minor) at 1:48, Ben Thomson (BRI) for Roughing (Minor) at 19:05
2nd period
4. Penguins , Matthew Boldy 1 (Clayton Keller 2, Philipp Kurashev 3) at 1:33
5. Islander , Ben Thomson 1 (Joe Labate 2, Alexander Yelesin 1) at 4:13 (PP)
6. Islander , Filip Zadina 2 (Jaden Lindo 1) at 8:20
7. Islander , Filip Zadina 3 (Oliver Kylington 2, Garret Pilon 1) at 14:46
8. Penguins , Philipp Kurashev 1 (Clayton Keller 3, Spencer Knight) at 17:55 (PP)
Penalties :
Dakota Mermis (Wil) for Tripping (Minor) at 3:57, Clayton Keller (Wil) for Cross-checking (Minor) at 14:53, Joe Labate (BRI) for High sticking (Minor) at 16:40
3rd period
9. Islander , Joe Labate 1 (Austin Watson 1, Oliver Kylington 3) at 0:38 (PP)
10. Islander , Austin Watson 2 (Oliver Kylington 4, Joe Labate 3) at 12:10
11. Penguins , Dakota Mermis 2 (Clayton Keller 4, Philipp Kurashev 4) at 12:44 (PP)
Penalties :
Matthew Boldy (Wil) for Slashing (Minor) at 0:22, Ben Thomson (BRI) for Slashing (Minor) at 1:01, Rhett Gardner (BRI) for Tripping (Minor) at 12:39, Rhett Gardner (BRI) for Roughing (Minor) at 16:55, Tyrell Goulbourne (BRI) for Slashing (Minor) at 19:58
Goalie Stats
Ivan Fedotov (BRI), 33 saves from 37 shots - (0.892), W, 2-0-0, 60:00 minutes
Anthony Stolarz (Wil), 13 saves from 17 shots - (0.765), 28:20 minutes
Spencer Knight (Wil), 13 saves from 16 shots - (0.813), L, 0-1-0, 31:40 minutes
Players Stats for Islander
Player Name G A P +/- PIM S H SB GA TA FO MP PP MP PK MP
------------------------------------------------------------------------------------
Alexander Yelesin 0 1 1 0 0 3 0 0 0 0 0/0 12:52 0:50 2:10
Austin Watson 1 1 2 0 0 3 3 0 0 0 0/0 18:21 1:35 0:00
Ben Thomson 1 0 1 0 6 3 1 1 2 0 0/0 20:24 1:35 1:36
Connor Dewar 0 0 0 -1 0 1 0 0 0 0 1/1 9:11 0:00 1:34
Filip Zadina 2 0 2 2 0 3 1 3 0 0 0/0 14:53 0:00 3:22
Garret Pilon 0 1 1 2 0 0 1 0 0 0 2/5 10:47 0:00 0:00
Jaden Lindo 0 1 1 2 0 1 0 0 0 1 0/0 11:02 0:00 0:00
Jake Walman 0 0 0 0 0 1 0 1 1 0 0/0 20:31 0:50 4:05
Jakub Galvas 0 0 0 1 0 0 1 3 0 0 0/0 16:03 0:00 2:23
Joe Labate 1 2 3 0 2 3 1 0 0 2 21/35 23:01 1:34 4:43
Oliver Kylington 0 3 3 2 0 5 1 2 2 1 0/0 29:10 1:29 4:46
Pavel Koltygin 0 0 0 -1 0 0 0 0 0 0 0/0 7:15 0:00 0:00
Rhett Gardner 0 2 2 2 4 3 3 1 0 0 7/14 15:38 0:44 1:09
Ross Colton 1 0 1 2 0 3 1 1 0 2 1/3 18:13 0:44 3:51
Simon Benoit 0 0 0 1 0 0 0 1 0 0 0/0 11:33 0:00 0:01
Slater Koekkoek 0 1 1 2 0 1 5 2 0 0 0/0 28:21 1:29 4:45
Steven Spinner 0 0 0 -1 0 0 0 0 0 0 0/0 7:15 0:00 0:00
Tyrell Goulbourne 1 0 1 2 2 3 2 1 2 1 0/1 16:06 0:44 1:55
Players Stats for Penguins
Player Name G A P +/- PIM S H SB GA TA FO MP PP MP PK MP
------------------------------------------------------------------------------------
Alexander Romanov 0 1 1 -3 0 3 2 0 0 0 0/0 24:47 6:13 0:00
Artemi Kniazev 0 0 0 0 0 0 0 1 0 1 0/0 11:32 0:00 0:00
Clayton Keller 0 3 3 -2 2 3 1 0 0 2 0/3 21:43 5:26 0:00
Dakota Mermis 1 0 1 -3 2 3 0 0 1 0 0/0 26:00 6:06 1:26
Denis Malgin 0 0 0 -1 0 1 1 0 1 1 2/6 13:29 0:04 1:29
Dmitry Voronkov 0 0 0 -1 0 0 0 0 0 1 1/2 7:52 0:00 0:00
Eetu Luostarinen 1 0 1 1 0 1 2 0 3 0 1/1 14:43 0:04 1:48
Jeff Malott 0 0 0 -1 0 1 2 0 0 0 0/0 11:36 3:35 0:24
Jesper Boqvist 0 0 0 1 0 3 0 0 0 0 0/1 15:53 3:35 0:00
Jesperi Kotkaniemi 0 0 0 1 0 3 2 1 0 0 8/12 16:35 3:35 0:42
Josh Ho-Sang 0 0 0 -1 0 1 1 0 0 0 0/0 12:00 0:04 0:00
Marc Del Gaizo 0 1 1 0 0 2 1 1 1 1 0/0 21:59 2:52 0:37
Matthew Boldy 1 0 1 -2 2 6 3 2 0 0 1/1 21:55 5:26 0:00
Matthew Finn 0 0 0 0 0 2 4 0 0 1 0/0 13:14 0:00 1:42
Noah Dobson 0 0 0 0 0 4 3 0 0 0 0/0 22:27 2:59 0:53
Philipp Kurashev 1 2 3 -2 0 3 2 0 1 0 14/32 22:04 5:26 0:08
Sampo Ranta 0 0 0 -1 0 1 2 1 0 0 0/1 11:45 0:00 0:07
Valtteri Puustinen 0 0 0 -1 0 0 0 0 0 0 0/0 7:52 0:00 0:00
3 Stars
1 - Filip Zadina (BRI)
2 - Oliver Kylington (BRI)
3 - Austin Watson (BRI)
Power Play
Islander - 2 on 3 Attempt(s) - 66.67%
Penguins - 2 on 7 Attempt(s) - 28.57%
Penalty Kill
Islander - 5 on 7 Attempt(s) - 71.43%
- Score 0 goal in Penalty Kill
Penguins - 1 on 3 Attempt(s) - 33.33%
- Score 0 goal in Penalty Kill
Team Stat
Islander - Hits : 20 - Faceoff Wins : 32 - Blocked Shots : 16 - Penalty Minutes : 14
Penguins - Hits : 26 - Faceoff Wins : 27 - Blocked Shots : 6 - Penalty Minutes : 6
Official
Referees : Eric Furlatt and Steve Kozari
Linesman : David Brisebois and Devin Berg
Game Notes
Spencer Knight enters game at 8:20 of 2nd period
Alexander Yelesin is injured at 16:16 of 2nd period (Sprained Right Finger)
12:44 of 3rd period - Penguins goal is going for a video replay. After video review, Goal.
Finance
Level 1 -- Attendance: 1696 (84.80%) -- Ticket Income $118,720
Level 2 -- Attendance: 872 (87.20%) -- Ticket Income $34,880
Total Attendance: 2568 (85.60%)
Total Ticket Income: $153,600
Other Income: $7,680
Total Income: $161,280
Islander
5 vs 5 Forward
Center Left Wing Right Wing Time % Phy DF OF
1 Joe Labate Ben Thomson Austin Watson 40 1 2 2
2 Rhett Gardner Tyrell Goulbourne Ross Colton 30 1 2 2
3 Garret Pilon Filip Zadina Jaden Lindo 20 1 2 2
4 Connor Dewar Pavel Koltygin Steven Spinner 10 1 2 2
5 vs 5 Defense
Defense Defense Time % Phy DF OF
1 Oliver Kylington Slater Koekkoek 40 1 2 2
2 Jake Walman Alexander Yelesin 30 1 2 2
3 Jakub Galvas Simon Benoit 20 1 2 2
4 Oliver Kylington Slater Koekkoek 10 1 2 2
PowerPlay Forward
Center Left Wing Right Wing Time % Phy DF OF
1 Joe Labate Ben Thomson Austin Watson 60 1 2 2
2 Rhett Gardner Tyrell Goulbourne Ross Colton 40 1 2 2
PowerPlay Defense
Defense Defense Time % Phy DF OF
1 Oliver Kylington Slater Koekkoek 60 1 2 2
2 Jake Walman Alexander Yelesin 40 1 2 2
Penalty Kill 4 Players Forward
Center Wing Time % Phy DF OF
1 Joe Labate Ben Thomson 60 1 2 2
2 Rhett Gardner Tyrell Goulbourne 40 1 2 2
Penalty Kill 4 Players Defense
Defense Defense Time % Phy DF OF
1 Oliver Kylington Slater Koekkoek 60 1 2 2
2 Jake Walman Alexander Yelesin 40 1 2 2
Penalty Kill - 3 Players Forward
Forward Time % Phy DF OF
1 Joe Labate 60 1 2 2
2 Rhett Gardner 40 1 2 2
Penalty Kill - 3 Players Defense
Defense Defense Time % Phy DF OF
1 Oliver Kylington Slater Koekkoek 60 1 2 2
2 Jake Walman Alexander Yelesin 40 1 2 2
4 vs 4 Forward
Center Wing Time % Phy DF OF
1 Joe Labate Ben Thomson 60 1 2 2
2 Rhett Gardner Tyrell Goulbourne 40 1 2 2
4 vs 4 Defense
Defense Defense Time % Phy DF OF
1 Oliver Kylington Slater Koekkoek 60 1 2 2
2 Jake Walman Alexander Yelesin 40 1 2 2
Last Minutes Offensive
Center Left Wing Right Wing Defense Defense
Joe Labate Ben Thomson Austin Watson Oliver Kylington Slater Koekkoek
Last Minutes Defensive
Center Left Wing Right Wing Defense Defense
Joe Labate Ben Thomson Austin Watson Oliver Kylington Slater Koekkoek
Goaltenders
Starting : Ivan Fedotov
Backup : Chris Driedger
Extra Forwards
Normal : Ross Colton, Tyrell Goulbourne, Garret Pilon - PP : Ross Colton, Tyrell Goulbourne - PK : Ross Colton
Extra Defensemen
Normal : Alexander Yelesin, Jakub Galvas, Simon Benoit - PP : Alexander Yelesin - PK : Alexander Yelesin, Jakub Galvas
Penalty Shots
Austin Watson, Joe Labate, Ben Thomson, Rhett Gardner, Ross Colton
Custom OT Lines Forwards
Austin Watson, Joe Labate, Ben Thomson, Rhett Gardner, Ross Colton, Tyrell Goulbourne, Garret Pilon, Filip Zadina, Connor Dewar, Jaden Lindo
Custom OT Lines Defensemen
Oliver Kylington, Slater Koekkoek, Jake Walman, Alexander Yelesin, Jakub Galvas
Scratches
Alex Steeves (Healthy), Philip Tomasino (Healthy), Pavel Kraskovsky (Healthy), Radovan Bondra (Healthy), Noah Cates (Healthy)
Casey Staum (Healthy), Cole Koepke (Sprained Left Knee Injury), Marcus Davidsson (Healthy), Jackson LaCombe (Healthy), Ronnie Attard (Healthy)
Frederik Dichow (Healthy)
Penguins
5 vs 5 Forward
Center Left Wing Right Wing Time % Phy DF OF
1 Philipp Kurashev Matthew Boldy Clayton Keller 40 1 2 2
2 Jesperi Kotkaniemi Eetu Luostarinen Jesper Boqvist 30 1 2 2
3 Denis Malgin Sampo Ranta Josh Ho-Sang 20 1 2 2
4 Dmitry Voronkov Jeff Malott Valtteri Puustinen 10 1 2 2
5 vs 5 Defense
Defense Defense Time % Phy DF OF
1 Alexander Romanov Dakota Mermis 40 1 2 2
2 Noah Dobson Marc Del Gaizo 40 1 2 2
3 Matthew Finn Artemi Kniazev 20 1 2 2
4 Alexander Romanov Noah Dobson 0 1 2 2
PowerPlay Forward
Center Left Wing Right Wing Time % Phy DF OF
1 Philipp Kurashev Matthew Boldy Clayton Keller 60 1 1 3
2 Jesperi Kotkaniemi Jeff Malott Jesper Boqvist 40 1 1 3
PowerPlay Defense
Defense Defense Time % Phy DF OF
1 Alexander Romanov Dakota Mermis 60 1 1 3
2 Noah Dobson Marc Del Gaizo 40 1 1 3
Penalty Kill 4 Players Forward
Center Wing Time % Phy DF OF
1 Denis Malgin Eetu Luostarinen 60 1 3 1
2 Jesperi Kotkaniemi Sampo Ranta 40 1 3 1
Penalty Kill 4 Players Defense
Defense Defense Time % Phy DF OF
1 Matthew Finn Dakota Mermis 60 1 3 1
2 Noah Dobson Marc Del Gaizo 40 1 3 1
Penalty Kill - 3 Players Forward
Forward Time % Phy DF OF
1 Eetu Luostarinen 60 1 3 1
2 Denis Malgin 40 1 3 1
Penalty Kill - 3 Players Defense
Defense Defense Time % Phy DF OF
1 Matthew Finn Dakota Mermis 60 1 3 1
2 Noah Dobson Marc Del Gaizo 40 1 3 1
4 vs 4 Forward
Center Wing Time % Phy DF OF
1 Philipp Kurashev Matthew Boldy 60 1 1 3
2 Jesperi Kotkaniemi Clayton Keller 40 1 1 3
4 vs 4 Defense
Defense Defense Time % Phy DF OF
1 Alexander Romanov Dakota Mermis 60 1 2 2
2 Noah Dobson Marc Del Gaizo 40 1 2 2
Last Minutes Offensive
Center Left Wing Right Wing Defense Defense
Philipp Kurashev Matthew Boldy Clayton Keller Alexander Romanov Dakota Mermis
Last Minutes Defensive
Center Left Wing Right Wing Defense Defense
Denis Malgin Eetu Luostarinen Jesper Boqvist Matthew Finn Dakota Mermis
Goaltenders
Starting : Anthony Stolarz
Backup : Spencer Knight
Extra Forwards
Normal : Matthew Boldy, Jesperi Kotkaniemi, Denis Malgin - PP : Matthew Boldy, Jesper Boqvist - PK : Eetu Luostarinen
Extra Defensemen
Normal : Noah Dobson, Marc Del Gaizo, Alexander Romanov - PP : Alexander Romanov - PK : Matthew Finn, Dakota Mermis
Penalty Shots
Jeff Malott, Jesper Boqvist, Philipp Kurashev, Matthew Boldy, Clayton Keller
Custom OT Lines Forwards
Philipp Kurashev, Clayton Keller, Matthew Boldy, Eetu Luostarinen, Jesper Boqvist, Jesperi Kotkaniemi, Denis Malgin, Jeff Malott, Sampo Ranta, Josh Ho-Sang
Custom OT Lines Defensemen
Alexander Romanov, Dakota Mermis, Noah Dobson, Marc Del Gaizo, Matthew Finn
Scratches
Juuso Ikonen (Healthy), Kevin Stenlund (Healthy), Austin Strand (Healthy), Ryan MacInnis (Healthy), Sam Kurker (Healthy)
Adam Brooks (Healthy), Shawn Boudrias (Healthy), Ryan Johnson (Healthy), Nolan Foote (Healthy), Zachary Bouthillier (Healthy)
% Time on Ice - Islander
Lines # - Real PCT - Wanted PCT - Time Play
Normal Forward
1 - 35% - 40% - 16:54
2 - 28% - 30% - 13:28
3 - 22% - 20% - 10:47
4 - 15% - 10% - 7:15
Normal Defense
1 - 37% - 40% - 17:54
2 - 40% - 30% - 19:18
3 - 19% - 20% - 9:12
4 - 4% - 10% - 2:00
PP Forward
1 - 68% - 60% - 1:35
2 - 32% - 40% - 0:44
PP Defense
1 - 64% - 60% - 1:29
2 - 36% - 40% - 0:50
PK Forward
1 - 79% - 60% - 7:10
2 - 21% - 40% - 1:55
PK Defense
1 - 55% - 60% - 4:59
2 - 45% - 40% - 4:06
PK3 Forward
1 - 0% - 60%
2 - 0% - 40%
PK3 Defense
1 - 0% - 60%
2 - 0% - 40%
44 Forward
1 - 100% - 60% - 0:12
2 - 0% - 40% - 0:00
44 Defense
1 - 100% - 60% - 0:12
2 - 0% - 40% - 0:00
Last Minute Offensive - 0:00
Last Minute Defensive - 0:00
Total
Forward - 60:00
Defense - 60:00
|
% Time on Ice - Penguins
Lines # - Real PCT - Wanted PCT - Time Play
Normal Forward
1 - 34% - 40% - 16:36
2 - 25% - 30% - 12:18
3 - 24% - 20% - 11:38
4 - 16% - 10% - 7:52
Normal Defense
1 - 38% - 40% - 18:22
2 - 38% - 40% - 18:30
3 - 24% - 20% - 11:32
4 - 0% - 0% - 0:00
PP Forward
1 - 61% - 60% - 5:30
2 - 39% - 40% - 3:35
PP Defense
1 - 68% - 60% - 6:13
2 - 32% - 40% - 2:52
PK Forward
1 - 95% - 60% - 2:12
2 - 5% - 40% - 0:07
PK Defense
1 - 73% - 60% - 1:42
2 - 27% - 40% - 0:37
PK3 Forward
1 - 0% - 60%
2 - 0% - 40%
PK3 Defense
1 - 0% - 60%
2 - 0% - 40%
44 Forward
1 - 100% - 60% - 0:12
2 - 0% - 40% - 0:00
44 Defense
1 - 100% - 60% - 0:12
2 - 0% - 40% - 0:00
Last Minute Offensive - 0:00
Last Minute Defensive - 0:00
Total
Forward - 60:00
Defense - 60:00
|
Play-by-Play
1st period
0:01 of 1st period - Joe Labate wins face-off versus Philipp Kurashev in neutral zone.
0:06 of 1st period - Snap shot by Oliver Kylington.
0:06 of 1st period - Shot Misses the Net.
0:12 of 1st period - Slapshot by Austin Watson.
0:12 of 1st period - Shot Blocked by Matthew Boldy.
0:30 of 1st period - Wrist shot by Jesper Boqvist.
0:30 of 1st period - Stopped by Ivan Fedotov with a rebound.
0:32 of 1st period - Slapshot by Dakota Mermis.
0:32 of 1st period - Shot Blocked by Rhett Gardner.
0:34 of 1st period - Slapshot by Jesper Boqvist.
0:34 of 1st period - Deflect By Jesperi Kotkaniemi.
0:34 of 1st period - Stopped by Ivan Fedotov with a rebound.
1:48 of 1st period - Minor Penalty to Ben Thomson for Slashing.
1:49 of 1st period - Philipp Kurashev wins face-off versus Joe Labate in Islander zone.
2:34 of 1st period - Rhett Gardner is hit by Clayton Keller and loses puck.
3:48 of 1st period - Penalty to Ben Thomson is over, Ben Thomson is back on ice.
3:52 of 1st period - Joe Labate is hit by Noah Dobson.
4:00 of 1st period - Wrist shot by Denis Malgin.
4:00 of 1st period - Stopped by Ivan Fedotov with a rebound.
4:02 of 1st period - Slapshot by Artemi Kniazev.
4:02 of 1st period - Shot Misses the Net.
5:43 of 1st period - Alexander Yelesin is hit by Denis Malgin and loses puck.
5:58 of 1st period - Simon Benoit is hit by Matthew Finn and loses puck.
6:27 of 1st period - Alexander Yelesin is hit by Noah Dobson and loses puck.
6:40 of 1st period - Icing by Eetu Luostarinen.
6:41 of 1st period - Jesperi Kotkaniemi wins face-off versus Rhett Gardner in Penguins zone.
6:41 of 1st period - Jesperi Kotkaniemi is hit by Rhett Gardner.
7:05 of 1st period - Ben Thomson is hit by Matthew Boldy and loses puck.
7:26 of 1st period - Snap shot by Josh Ho-Sang.
7:26 of 1st period - Shot Misses the Net.
7:28 of 1st period - Snap shot by Matthew Finn.
7:28 of 1st period - Stopped by Ivan Fedotov without a rebound.
7:29 of 1st period - Rhett Gardner wins face-off versus Jesperi Kotkaniemi in Islander zone.
8:26 of 1st period - Wrist shot by Josh Ho-Sang.
8:26 of 1st period - Shot Misses the Net.
9:03 of 1st period - Backhand shot by Oliver Kylington.
9:03 of 1st period - Stopped by Anthony Stolarz without a rebound.
9:04 of 1st period - Joe Labate wins face-off versus Philipp Kurashev in Penguins zone.
9:13 of 1st period - Slapshot by Philipp Kurashev.
9:13 of 1st period - Stopped by Ivan Fedotov without a rebound.
9:14 of 1st period - Philipp Kurashev wins face-off versus Joe Labate in Islander zone.
9:15 of 1st period - Wrist shot by Clayton Keller.
9:15 of 1st period - Stopped by Ivan Fedotov without a rebound.
9:16 of 1st period - Joe Labate wins face-off versus Philipp Kurashev in Islander zone.
9:23 of 1st period - Snap shot by Clayton Keller.
9:23 of 1st period - Stopped by Ivan Fedotov with a rebound.
10:10 of 1st period - Wrist shot by Josh Ho-Sang.
10:10 of 1st period - Stopped by Ivan Fedotov with a rebound.
10:12 of 1st period - Snap shot by Sampo Ranta.
10:12 of 1st period - Stopped by Ivan Fedotov with a rebound.
10:42 of 1st period - Joe Labate is hit by Jeff Malott and loses puck.
11:27 of 1st period - Wrist shot by Jeff Malott.
11:27 of 1st period - Stopped by Ivan Fedotov with a rebound.
11:51 of 1st period - Snap shot by Ben Thomson.
11:51 of 1st period - Shot Misses the Net.
11:53 of 1st period - Slapshot by Alexander Yelesin.
11:53 of 1st period - Stopped by Anthony Stolarz with a rebound.
11:55 of 1st period - Slapshot by Joe Labate.
11:55 of 1st period - Stopped by Anthony Stolarz without a rebound.
11:56 of 1st period - Rhett Gardner wins face-off versus Philipp Kurashev in Penguins zone.
11:57 of 1st period - Slapshot by Ross Colton.
11:57 of 1st period - Stopped by Anthony Stolarz with a rebound.
12:05 of 1st period - Wrist shot by Matthew Boldy.
12:05 of 1st period - Stopped by Ivan Fedotov without a rebound.
12:06 of 1st period - Rhett Gardner wins face-off versus Philipp Kurashev in Islander zone.
12:13 of 1st period - Slapshot by Tyrell Goulbourne.
12:13 of 1st period - Shot Blocked by Matthew Boldy.
12:30 of 1st period - Wrist shot by Philipp Kurashev.
12:30 of 1st period - Shot Blocked by Oliver Kylington.
12:32 of 1st period - Slapshot by Alexander Romanov.
12:32 of 1st period - Deflect By Philipp Kurashev.
12:32 of 1st period - Stopped by Ivan Fedotov with a rebound.
12:34 of 1st period - Snap shot by Philipp Kurashev.
12:34 of 1st period - Shot Misses the Net.
13:36 of 1st period - Slapshot by Ross Colton.
13:36 of 1st period - Goal by Ross Colton - Islander : 1 - Penguins : 0.
13:37 of 1st period - Jesperi Kotkaniemi wins face-off versus Garret Pilon in neutral zone.
14:48 of 1st period - Snap shot by Jesperi Kotkaniemi.
14:48 of 1st period - Stopped by Ivan Fedotov without a rebound.
14:49 of 1st period - Eetu Luostarinen wins face-off versus Joe Labate in Islander zone.
15:38 of 1st period - Snap shot by Jesperi Kotkaniemi.
15:38 of 1st period - Shot Blocked by Jakub Galvas.
15:46 of 1st period - Slapshot by Jesper Boqvist.
15:46 of 1st period - Stopped by Ivan Fedotov with a rebound.
15:48 of 1st period - Slapshot by Marc Del Gaizo.
15:48 of 1st period - Shot Misses the Net.
15:50 of 1st period - Slapshot by Alexander Romanov.
15:50 of 1st period - Stopped by Ivan Fedotov with a rebound.
15:52 of 1st period - Slapshot by Eetu Luostarinen.
15:52 of 1st period - Goal by Eetu Luostarinen - Islander : 1 - Penguins : 1.
15:53 of 1st period - Philipp Kurashev wins face-off versus Garret Pilon in neutral zone.
17:24 of 1st period - Wrist shot by Jesper Boqvist.
17:24 of 1st period - Stopped by Ivan Fedotov with a rebound.
17:26 of 1st period - Slapshot by Noah Dobson.
17:26 of 1st period - Stopped by Ivan Fedotov without a rebound.
17:27 of 1st period - Rhett Gardner wins face-off versus Philipp Kurashev in Islander zone.
17:32 of 1st period - Wrist shot by Tyrell Goulbourne.
17:32 of 1st period - Stopped by Anthony Stolarz without a rebound.
17:33 of 1st period - Rhett Gardner wins face-off versus Philipp Kurashev in Penguins zone.
17:34 of 1st period - Wrist shot by Tyrell Goulbourne.
17:34 of 1st period - Stopped by Anthony Stolarz with a rebound.
17:36 of 1st period - Slapshot by Rhett Gardner.
17:36 of 1st period - Deflect By Matthew Boldy.
17:36 of 1st period - Shot Misses the Net.
17:36 of 1st period - Puck is out of play.
17:37 of 1st period - Rhett Gardner wins face-off versus Philipp Kurashev in Penguins zone.
17:40 of 1st period - Slapshot by Tyrell Goulbourne.
17:40 of 1st period - Goal by Tyrell Goulbourne - Islander : 2 - Penguins : 1.
17:41 of 1st period - Joe Labate wins face-off versus Clayton Keller in neutral zone.
17:44 of 1st period - Slapshot by Oliver Kylington.
17:44 of 1st period - Stopped by Anthony Stolarz with a rebound.
18:07 of 1st period - Marc Del Gaizo is hit by Garret Pilon and loses puck.
18:32 of 1st period - Slapshot by Dakota Mermis.
18:32 of 1st period - Stopped by Ivan Fedotov without a rebound.
18:33 of 1st period - Jesperi Kotkaniemi wins face-off versus Rhett Gardner in Islander zone.
19:05 of 1st period - Minor Penalty to Ben Thomson for Roughing.
19:06 of 1st period - Joe Labate wins face-off versus Philipp Kurashev in Islander zone.
19:14 of 1st period - Snap shot by Joe Labate.
19:14 of 1st period - Stopped by Anthony Stolarz with a rebound.
Goals for this period are 2 for Islander vs 1 for Penguins.
Shots for this period are 10 for Islander vs 19 for Penguins.
2nd period
0:01 of 2nd period - Philipp Kurashev wins face-off versus Joe Labate in neutral zone.
0:03 of 2nd period - Off-side.
0:04 of 2nd period - Joe Labate wins face-off versus Philipp Kurashev in neutral zone.
0:06 of 2nd period - Off-side.
0:07 of 2nd period - Joe Labate wins face-off versus Philipp Kurashev in neutral zone.
0:45 of 2nd period - Slapshot by Dakota Mermis.
0:45 of 2nd period - Shot Misses the Net.
1:05 of 2nd period - Penalty to Ben Thomson is over, Ben Thomson is back on ice.
1:12 of 2nd period - Slapshot by Alexander Yelesin.
1:12 of 2nd period - Stopped by Anthony Stolarz with a rebound.
1:14 of 2nd period - Wrist shot by Alexander Yelesin.
1:14 of 2nd period - Stopped by Anthony Stolarz with a rebound.
1:16 of 2nd period - Snap shot by Connor Dewar.
1:16 of 2nd period - Stopped by Anthony Stolarz without a rebound.
1:17 of 2nd period - Connor Dewar wins face-off versus Clayton Keller in Penguins zone.
1:31 of 2nd period - Backhand shot by Clayton Keller.
1:31 of 2nd period - Shot Blocked by Oliver Kylington.
1:33 of 2nd period - Snap shot by Matthew Boldy.
1:33 of 2nd period - Goal by Matthew Boldy - Islander : 2 - Penguins : 2.
1:34 of 2nd period - Philipp Kurashev wins face-off versus Joe Labate in neutral zone.
1:37 of 2nd period - Austin Watson is hit by Alexander Romanov and loses puck.
2:34 of 2nd period - Wrist shot by Jeff Malott.
2:34 of 2nd period - Shot Blocked by Slater Koekkoek.
3:28 of 2nd period - Jesperi Kotkaniemi is hit by Rhett Gardner and loses puck.
3:35 of 2nd period - Wrist shot by Ross Colton.
3:35 of 2nd period - Stopped by Anthony Stolarz without a rebound.
3:36 of 2nd period - Philipp Kurashev wins face-off versus Rhett Gardner in Penguins zone.
3:57 of 2nd period - Minor Penalty to Dakota Mermis for Tripping.
3:58 of 2nd period - Joe Labate wins face-off versus Denis Malgin in Penguins zone.
4:13 of 2nd period - Wrist shot by Ben Thomson.
4:13 of 2nd period - Goal by Ben Thomson - Islander : 3 - Penguins : 2.
4:14 of 2nd period - Joe Labate wins face-off versus Philipp Kurashev in neutral zone.
4:28 of 2nd period - Slapshot by Matthew Boldy.
4:28 of 2nd period - Stopped by Ivan Fedotov with a rebound.
4:40 of 2nd period - Dakota Mermis is hit by Slater Koekkoek and loses puck.
4:52 of 2nd period - Off-side.
4:53 of 2nd period - Denis Malgin wins face-off versus Garret Pilon in neutral zone.
5:04 of 2nd period - Slapshot by Josh Ho-Sang.
5:04 of 2nd period - Shot Blocked by Filip Zadina.
5:18 of 2nd period - Marc Del Gaizo is hit by Austin Watson and loses puck.
6:23 of 2nd period - Snap shot by Austin Watson.
6:23 of 2nd period - Stopped by Anthony Stolarz without a rebound.
6:24 of 2nd period - Joe Labate wins face-off versus Philipp Kurashev in Penguins zone.
6:32 of 2nd period - Off-side.
6:33 of 2nd period - Joe Labate wins face-off versus Philipp Kurashev in neutral zone.
6:38 of 2nd period - Austin Watson is hit by Noah Dobson and loses puck.
7:11 of 2nd period - Snap shot by Clayton Keller.
7:11 of 2nd period - Stopped by Ivan Fedotov with a rebound.
7:31 of 2nd period - Snap shot by Philipp Kurashev.
7:31 of 2nd period - Shot Blocked by Filip Zadina.
7:33 of 2nd period - Slapshot by Marc Del Gaizo.
7:33 of 2nd period - Stopped by Ivan Fedotov without a rebound.
7:34 of 2nd period - Joe Labate wins face-off versus Jesper Boqvist in Islander zone.
7:34 of 2nd period - Joe Labate is hit by Jesperi Kotkaniemi.
8:20 of 2nd period - Snap shot by Filip Zadina.
8:20 of 2nd period - Goal by Filip Zadina - Islander : 4 - Penguins : 2.
8:20 of 2nd period - Spencer Knight enters game.
8:21 of 2nd period - Jesperi Kotkaniemi wins face-off versus Joe Labate in neutral zone.
8:47 of 2nd period - Philipp Kurashev is hit by Rhett Gardner.
9:35 of 2nd period - Snap shot by Jesperi Kotkaniemi.
9:35 of 2nd period - Stopped by Ivan Fedotov with a rebound.
9:37 of 2nd period - Snap shot by Eetu Luostarinen.
9:37 of 2nd period - Deflect By Jesper Boqvist.
9:37 of 2nd period - Shot Misses the Net.
9:37 of 2nd period - Puck is out of play.
9:38 of 2nd period - Philipp Kurashev wins face-off versus Joe Labate in Islander zone.
10:03 of 2nd period - Simon Benoit is hit by Matthew Finn and loses puck.
10:10 of 2nd period - Snap shot by Eetu Luostarinen.
10:10 of 2nd period - Shot Blocked by Simon Benoit.
11:05 of 2nd period - Slapshot by Ben Thomson.
11:05 of 2nd period - Shot Blocked by Marc Del Gaizo.
11:07 of 2nd period - Slapshot by Jake Walman.
11:07 of 2nd period - Stopped by Spencer Knight with a rebound.
11:11 of 2nd period - Wrist shot by Austin Watson.
11:11 of 2nd period - Shot Misses the Net.
11:15 of 2nd period - Wrist shot by Ben Thomson.
11:15 of 2nd period - Stopped by Spencer Knight without a rebound.
11:16 of 2nd period - Joe Labate wins face-off versus Philipp Kurashev in Penguins zone.
11:17 of 2nd period - Slapshot by Oliver Kylington.
11:17 of 2nd period - Stopped by Spencer Knight with a rebound.
11:41 of 2nd period - Jesperi Kotkaniemi is hit by Slater Koekkoek and loses puck.
12:08 of 2nd period - Jakub Galvas is hit by Josh Ho-Sang and loses puck.
12:13 of 2nd period - Wrist shot by Josh Ho-Sang.
12:13 of 2nd period - Shot Blocked by Filip Zadina.
12:29 of 2nd period - Wrist shot by Denis Malgin.
12:29 of 2nd period - Shot Misses the Net.
12:31 of 2nd period - Wrist shot by Alexander Romanov.
12:31 of 2nd period - Deflect By Denis Malgin.
12:31 of 2nd period - Shot Misses the Net.
12:31 of 2nd period - Puck is out of play.
12:32 of 2nd period - Philipp Kurashev wins face-off versus Joe Labate in Islander zone.
12:33 of 2nd period - Snap shot by Clayton Keller.
12:33 of 2nd period - Shot Misses the Net.
12:41 of 2nd period - Marc Del Gaizo is hit by Joe Labate and loses puck.
13:02 of 2nd period - Snap shot by Marc Del Gaizo.
13:02 of 2nd period - Stopped by Ivan Fedotov with a rebound.
13:06 of 2nd period - Snap shot by Eetu Luostarinen.
13:06 of 2nd period - Shot Blocked by Ross Colton.
13:08 of 2nd period - Backhand shot by Jesperi Kotkaniemi.
13:08 of 2nd period - Shot Blocked by Tyrell Goulbourne.
13:10 of 2nd period - Slapshot by Noah Dobson.
13:10 of 2nd period - Stopped by Ivan Fedotov without a rebound.
13:11 of 2nd period - Garret Pilon wins face-off versus Sampo Ranta in Islander zone.
13:20 of 2nd period - Slapshot by Slater Koekkoek.
13:20 of 2nd period - Stopped by Spencer Knight without a rebound.
13:21 of 2nd period - Garret Pilon wins face-off versus Denis Malgin in Penguins zone.
13:42 of 2nd period - Snap shot by Filip Zadina.
13:42 of 2nd period - Shot Misses the Net.
13:54 of 2nd period - Snap shot by Filip Zadina.
13:54 of 2nd period - Shot Misses the Net.
13:56 of 2nd period - Snap shot by Filip Zadina.
13:56 of 2nd period - Shot Misses the Net.
14:06 of 2nd period - Wrist shot by Filip Zadina.
14:06 of 2nd period - Stopped by Spencer Knight with a rebound.
14:08 of 2nd period - Snap shot by Jaden Lindo.
14:08 of 2nd period - Stopped by Spencer Knight with a rebound.
14:42 of 2nd period - Slapshot by Oliver Kylington.
14:42 of 2nd period - Shot Blocked by Sampo Ranta.
14:44 of 2nd period - Snap shot by Filip Zadina.
14:44 of 2nd period - Shot Misses the Net.
14:46 of 2nd period - Snap shot by Filip Zadina.
14:46 of 2nd period - Goal by Filip Zadina - Islander : 5 - Penguins : 2.
14:47 of 2nd period - Joe Labate wins face-off versus Philipp Kurashev in neutral zone.
14:53 of 2nd period - Minor Penalty to Clayton Keller for Cross-checking.
14:54 of 2nd period - Denis Malgin wins face-off versus Joe Labate in Penguins zone.
15:35 of 2nd period - Snap shot by Rhett Gardner.
15:35 of 2nd period - Stopped by Spencer Knight with a rebound.
15:37 of 2nd period - Slapshot by Oliver Kylington.
15:37 of 2nd period - Stopped by Spencer Knight with a rebound.
16:15 of 2nd period - Alexander Yelesin is hit by Jeff Malott and loses puck.
16:16 of 2nd period - Alexander Yelesin from Islander is injured at 16:16 of 2nd period (Sprained Right Finger).
16:17 of 2nd period - Joe Labate wins face-off versus Denis Malgin in Islander zone.
16:22 of 2nd period - Slapshot by Oliver Kylington.
16:22 of 2nd period - Shot Misses the Net.
16:40 of 2nd period - Minor Penalty to Joe Labate for High sticking.
16:41 of 2nd period - Philipp Kurashev wins face-off versus Ross Colton in Islander zone.
16:42 of 2nd period - Backhand shot by Matthew Boldy.
16:42 of 2nd period - Stopped by Ivan Fedotov with a rebound.
16:44 of 2nd period - Snap shot by Philipp Kurashev.
16:44 of 2nd period - Shot Misses the Net.
16:46 of 2nd period - Slapshot by Alexander Romanov.
16:46 of 2nd period - Stopped by Ivan Fedotov without a rebound.
16:47 of 2nd period - Philipp Kurashev wins face-off versus Ross Colton in Islander zone.
16:50 of 2nd period - Snap shot by Matthew Boldy.
16:50 of 2nd period - Shot Misses the Net.
16:52 of 2nd period - Slapshot by Dakota Mermis.
16:52 of 2nd period - Shot Blocked by Ben Thomson.
16:53 of 2nd period - Penalty to Clayton Keller is over, Clayton Keller is back on ice.
16:54 of 2nd period - Slapshot by Alexander Romanov.
16:54 of 2nd period - Stopped by Ivan Fedotov with a rebound.
16:56 of 2nd period - Snap shot by Matthew Boldy.
16:56 of 2nd period - Stopped by Ivan Fedotov with a rebound.
16:58 of 2nd period - Snap shot by Dakota Mermis.
16:58 of 2nd period - Shot Misses the Net.
17:00 of 2nd period - Wrist shot by Dakota Mermis.
17:00 of 2nd period - Stopped by Ivan Fedotov with a rebound.
17:02 of 2nd period - Slapshot by Alexander Romanov.
17:02 of 2nd period - Shot Blocked by Slater Koekkoek.
17:04 of 2nd period - Snap shot by Matthew Boldy.
17:04 of 2nd period - Stopped by Ivan Fedotov with a rebound.
17:55 of 2nd period - Slapshot by Philipp Kurashev.
17:55 of 2nd period - Goal by Philipp Kurashev - Islander : 5 - Penguins : 3.
17:56 of 2nd period - Joe Labate wins face-off versus Jesperi Kotkaniemi in neutral zone.
17:59 of 2nd period - Marc Del Gaizo is hit by Ben Thomson and loses puck.
18:22 of 2nd period - Rhett Gardner is hit by Sampo Ranta and loses puck.
18:44 of 2nd period - Marc Del Gaizo is hit by Filip Zadina.
18:50 of 2nd period - Wrist shot by Valtteri Puustinen.
18:50 of 2nd period - Shot Misses the Net.
18:52 of 2nd period - Slapshot by Noah Dobson.
18:52 of 2nd period - Shot Blocked by Jakub Galvas.
18:54 of 2nd period - Wrist shot by Noah Dobson.
18:54 of 2nd period - Stopped by Ivan Fedotov without a rebound.
18:55 of 2nd period - Jesperi Kotkaniemi wins face-off versus Joe Labate in Islander zone.
19:22 of 2nd period - Dakota Mermis is hit by Ross Colton.
19:30 of 2nd period - Backhand shot by Tyrell Goulbourne.
19:30 of 2nd period - Shot Misses the Net.
19:32 of 2nd period - Slapshot by Rhett Gardner.
19:32 of 2nd period - Shot Misses the Net.
Goals for this period are 3 for Islander vs 2 for Penguins.
Shots for this period are 16 for Islander vs 15 for Penguins.
3rd period
0:01 of 3rd period - Joe Labate wins face-off versus Clayton Keller in neutral zone.
0:22 of 3rd period - Minor Penalty to Matthew Boldy for Slashing.
0:23 of 3rd period - Joe Labate wins face-off versus Denis Malgin in Penguins zone.
0:34 of 3rd period - Slapshot by Oliver Kylington.
0:34 of 3rd period - Deflect By Austin Watson.
0:34 of 3rd period - Stopped by Spencer Knight with a rebound.
0:36 of 3rd period - Snap shot by Austin Watson.
0:36 of 3rd period - Shot Misses the Net.
0:38 of 3rd period - Snap shot by Joe Labate.
0:38 of 3rd period - Goal by Joe Labate - Islander : 6 - Penguins : 3.
0:39 of 3rd period - Matthew Boldy wins face-off versus Joe Labate in neutral zone.
0:48 of 3rd period - Clayton Keller is hit by Austin Watson and loses puck.
1:01 of 3rd period - Minor Penalty to Ben Thomson for Slashing.
1:02 of 3rd period - Joe Labate wins face-off versus Philipp Kurashev in Islander zone.
1:29 of 3rd period - Icing by Jesperi Kotkaniemi.
1:30 of 3rd period - Jesperi Kotkaniemi wins face-off versus Joe Labate in Penguins zone.
1:39 of 3rd period - Wrist shot by Joe Labate.
1:39 of 3rd period - Shot Misses the Net.
2:49 of 3rd period - Slapshot by Oliver Kylington.
2:49 of 3rd period - Stopped by Spencer Knight with a rebound.
3:01 of 3rd period - Penalty to Ben Thomson is over, Ben Thomson is back on ice.
3:05 of 3rd period - Ben Thomson is hit by Marc Del Gaizo and loses puck.
3:26 of 3rd period - Snap shot by Denis Malgin.
3:26 of 3rd period - Deflect By Josh Ho-Sang.
3:26 of 3rd period - Shot Misses the Net.
3:26 of 3rd period - Puck is out of play.
3:27 of 3rd period - Jesperi Kotkaniemi wins face-off versus Rhett Gardner in Islander zone.
3:42 of 3rd period - Eetu Luostarinen is hit by Tyrell Goulbourne and loses puck.
3:58 of 3rd period - Matthew Finn is hit by Austin Watson and loses puck.
4:53 of 3rd period - Tyrell Goulbourne is hit by Eetu Luostarinen and loses puck.
5:22 of 3rd period - Wrist shot by Austin Watson.
5:22 of 3rd period - Deflect By Joe Labate.
5:22 of 3rd period - Shot Misses the Net.
5:22 of 3rd period - Puck is out of play.
5:23 of 3rd period - Philipp Kurashev wins face-off versus Rhett Gardner in Penguins zone.
5:59 of 3rd period - Austin Watson is hit by Eetu Luostarinen and loses puck.
6:47 of 3rd period - Icing by Matthew Finn.
6:48 of 3rd period - Ross Colton wins face-off versus Dmitry Voronkov in Penguins zone.
6:51 of 3rd period - Slapshot by Ben Thomson.
6:51 of 3rd period - Stopped by Spencer Knight with a rebound.
6:53 of 3rd period - Slapshot by Simon Benoit.
6:53 of 3rd period - Shot Blocked by Artemi Kniazev.
6:55 of 3rd period - Slapshot by Joe Labate.
6:55 of 3rd period - Shot Misses the Net.
7:35 of 3rd period - Filip Zadina is hit by Matthew Finn and loses puck.
8:50 of 3rd period - Slapshot by Marc Del Gaizo.
8:50 of 3rd period - Shot Misses the Net.
9:02 of 3rd period - Slater Koekkoek is hit by Sampo Ranta and loses puck.
9:09 of 3rd period - Austin Watson is hit by Alexander Romanov and loses puck.
9:34 of 3rd period - Connor Dewar is hit by Matthew Finn and loses puck.
9:49 of 3rd period - Simon Benoit is hit by Philipp Kurashev and loses puck.
9:56 of 3rd period - Slater Koekkoek is hit by Philipp Kurashev and loses puck.
10:01 of 3rd period - Wrist shot by Philipp Kurashev.
10:01 of 3rd period - Shot Misses the Net.
10:21 of 3rd period - Snap shot by Eetu Luostarinen.
10:21 of 3rd period - Shot Misses the Net.
11:03 of 3rd period - Clayton Keller is hit by Slater Koekkoek.
11:12 of 3rd period - Joe Labate is hit by Matthew Boldy and loses puck.
11:34 of 3rd period - Snap shot by Austin Watson.
11:34 of 3rd period - Shot Misses the Net.
11:40 of 3rd period - Matthew Finn is hit by Oliver Kylington and loses puck.
12:10 of 3rd period - Snap shot by Oliver Kylington.
12:10 of 3rd period - Deflect By Austin Watson.
12:10 of 3rd period - Goal by Austin Watson - Islander : 7 - Penguins : 3.
12:11 of 3rd period - Jesperi Kotkaniemi wins face-off versus Tyrell Goulbourne in neutral zone.
12:20 of 3rd period - Snap shot by Jesper Boqvist.
12:20 of 3rd period - Shot Misses the Net.
12:22 of 3rd period - Snap shot by Jesperi Kotkaniemi.
12:22 of 3rd period - Shot Misses the Net.
12:24 of 3rd period - Slapshot by Noah Dobson.
12:24 of 3rd period - Stopped by Ivan Fedotov without a rebound.
12:25 of 3rd period - Rhett Gardner wins face-off versus Jesperi Kotkaniemi in Islander zone.
12:39 of 3rd period - Minor Penalty to Rhett Gardner for Tripping.
12:40 of 3rd period - Philipp Kurashev wins face-off versus Joe Labate in Islander zone.
12:42 of 3rd period - Wrist shot by Clayton Keller.
12:42 of 3rd period - Shot Misses the Net.
12:44 of 3rd period - Slapshot by Dakota Mermis.
12:44 of 3rd period - Penguins goal is going for a video replay.
12:44 of 3rd period - The goal is good.
12:44 of 3rd period - Goal by Dakota Mermis - Islander : 7 - Penguins : 4.
12:45 of 3rd period - Joe Labate wins face-off versus Philipp Kurashev in neutral zone.
12:45 of 3rd period - Oliver Kylington is hit by Matthew Boldy and loses puck.
12:50 of 3rd period - Matthew Boldy is hit by Slater Koekkoek and loses puck.
13:17 of 3rd period - Slapshot by Rhett Gardner.
13:17 of 3rd period - Stopped by Spencer Knight with a rebound.
13:19 of 3rd period - Snap shot by Ross Colton.
13:19 of 3rd period - Shot Misses the Net.
13:21 of 3rd period - Slapshot by Oliver Kylington.
13:21 of 3rd period - Shot Blocked by Jesperi Kotkaniemi.
13:23 of 3rd period - Snap shot by Rhett Gardner.
13:23 of 3rd period - Stopped by Spencer Knight with a rebound.
13:25 of 3rd period - Wrist shot by Ross Colton.
13:25 of 3rd period - Shot Misses the Net.
16:25 of 3rd period - Filip Zadina is hit by Jesperi Kotkaniemi and loses puck.
16:45 of 3rd period - Noah Dobson is hit by Slater Koekkoek and loses puck.
16:55 of 3rd period - Minor Penalty to Rhett Gardner for Roughing.
16:56 of 3rd period - Joe Labate wins face-off versus Jesperi Kotkaniemi in Islander zone.
17:21 of 3rd period - Matthew Boldy is hit by Tyrell Goulbourne and loses puck.
18:55 of 3rd period - Penalty to Rhett Gardner is over, Rhett Gardner is back on ice.
19:38 of 3rd period - Icing by Matthew Finn.
19:39 of 3rd period - Dmitry Voronkov wins face-off versus Rhett Gardner in Penguins zone.
19:39 of 3rd period - Dmitry Voronkov is hit by Jakub Galvas.
19:45 of 3rd period - Wrist shot by Dmitry Voronkov.
19:45 of 3rd period - Shot Blocked by Jakub Galvas.
19:47 of 3rd period - Slapshot by Matthew Finn.
19:47 of 3rd period - Deflect By Tyrell Goulbourne.
19:47 of 3rd period - Stopped by Ivan Fedotov with a rebound.
19:49 of 3rd period - Slapshot by Eetu Luostarinen.
19:49 of 3rd period - Shot Blocked by Jake Walman.
19:51 of 3rd period - Slapshot by Artemi Kniazev.
19:51 of 3rd period - Deflect By Valtteri Puustinen.
19:51 of 3rd period - Shot Misses the Net.
19:51 of 3rd period - Puck is out of play.
19:52 of 3rd period - Philipp Kurashev wins face-off versus Rhett Gardner in Islander zone.
19:58 of 3rd period - Minor Penalty to Tyrell Goulbourne for Slashing.
19:59 of 3rd period - Philipp Kurashev wins face-off versus Joe Labate in Islander zone.
Goals for this period are 2 for Islander vs 1 for Penguins.
Shots for this period are 7 for Islander vs 3 for Penguins.